 Dungeon Crawl Stone Soup version 0.29.0-4-gdea44cf6ec (webtiles) character file.

Game seed: 18350787052908324381

147 qw the Chopper (level 5, -1/30 HPs)
             Began as a Tengu Warper on Aug 28, 2022.
             Slain by an orc wizard
             ... wielding a +0 dagger
              (2 damage)
             ... on level 3 of the Dungeon.
             The game lasted 00:00:17 (2549 turns).

qw the Chopper (Tengu Warper)                       Turns: 2549, Time: 00:00:18

Health: -1/30      AC: 11    Str: 13    XL:     5   Next: 29%
Magic:  9/9        EV:  4    Int: 13    God:
Gold:   93         SH:  5    Dex: 14    Spells: 8/8 levels left

rFire   + . .      SeeInvis .   Y - +0 hand axe
rCold   . . .      Faith    .   (no shield)
rNeg    . . .      Spirit   .   i - +0 plate armour
rPois   .          Reflect  +   (helmet restricted)
rElec   .          Harm     .   (no cloak)
rCorr   .          Rampage  .   g - +0 pair of gloves
Will    .....                   (boots unavailable)
Stlth   ..........              a - amulet of reflection
HPRegen 0.10/turn               j - ring of protection from fire
MPRegen 0.11/turn               (no ring)

@: flying quickly and evasively, quick
A: beak, talons 3, nimble flight
a: no special abilities


You were on level 3 of the Dungeon.
You visited 1 branch of the dungeon, and saw 3 of its levels.

You collected 93 gold pieces.


Innate Abilities, Weirdness & Mutations

You have a beak for a mouth.
You have claws for feet.
Your magical nature lets you fly swiftly and evasively.


   Skills:
 - Level 2.0 Fighting
 + Level 5.6 Axes
 - Level 1.0 Throwing
 - Level 2.0 Armour
 - Level 2.1 Dodging
 - Level 2.0 Spellcasting
 - Level 2.4 Translocations


You had 8 spell levels left.
You didn't know any spells.
Your spell library contained the following spells:

 Spells                   Type           Power      Damage    Failure   Level
 Blink                    Tloc           14%        N/A       100%        2
 Gell's Gravitas          Tloc           7%         N/A       100%        3
 Lesser Beckoning         Tloc           7%         N/A       100%        3
 Teleport Other           Tloc           7%         N/A       100%        3
 Manifold Assault         Tloc           7%         N/A       100%        5

Inventory:

Hand Weapons
 e - a +2 mace of holy wrath
 Y - a +0 hand axe (weapon)
Missiles
 n - a javelin (quivered)
Armour
 g - a +0 pair of gloves (worn)
 i - a +0 plate armour (worn)
Jewellery
 a - an amulet of reflection (around neck)
 j - a ring of protection from fire (left hand)
 k - a ring of resist corrosion
Scrolls
 c - 2 scrolls of identify
 m - a scroll of teleportation {unknown}
Potions
 b - a potion of invisibility {unknown}
 d - a potion of degeneration {unknown}
 f - a potion of might {unknown}
 h - a potion of attraction {unknown}
 l - a potion of cancellation {unknown}

Dungeon Overview and Level Annotations

Branches:
Dungeon (3/15)

Altars:
Trog


Message History

You hit the orc priest but do no damage.
Your kick misses the orc priest.
The orc priest is lightly wounded.
The orc priest completely misses you.
You hit the orc priest. You claw the orc priest.
The orc priest is heavily wounded.
The orc priest hits you but does no damage.
An orc comes into view. It is wielding a +0 club.
The orc shouts!
You hit the orc priest but do no damage.
You claw the orc priest. Your peck misses the orc priest.
The orc priest is heavily wounded.
The orc priest mumbles some strange prayers to Beogh against you.
Beogh smites you!
You hit the orc priest but do no damage.
You claw the orc priest, but do no damage.
The orc priest is heavily wounded.
The orc priest calls down the wrath of Beogh upon you.
Beogh smites you!
You hit the orc priest.
The orc priest is almost dead.
You completely miss the orc priest.
The orc priest is almost dead.
The orc priest hits you but does no damage.
An orc wizard comes into view. It is wielding a +0 dagger.
You hit the orc priest.
You kill the orc priest!
You barely miss the orc. You hit the orc.
The orc hits you but does no damage. x2
You barely miss the orc. Your peck misses the orc.
The orc is severely wounded.
You barely miss the orc. The orc barely misses you.
You slash the orc!
You kill the orc!
You hit the orc.
You hit the orc wizard but do no damage.
The orc hits you but does no damage.
The orc wizard hits you with a +0 dagger.
You die...

.......#.# #.#
.......#.########.#
.......#.......##.#
.......#######.##.#
.......# #...##.#
.....### #.####.#
###.... #......#
..... ######..#
.###. #....)@o#
...#####o# #....#
#.##.# .o #.# ...
..# #. .## ' . .>


You could see an orc wizard and an orc.

Vanquished Creatures
  An orc priest (D:3)
  A gnoll (D:1)
  3 adders
  3 worms
  A dart slug (D:3)
  6 orcs
  4 ball pythons
  4 bats
  5 endoplasms
  3 giant cockroaches
  2 goblins (D:1)
  9 hobgoblins
  2 jackals (D:2)
  A quokka (D:1)
  5 frilled lizards
  9 kobolds
  4 rats
63 creatures vanquished.

Notes
Turn   | Place    | Note
-------+----------+-------------------------------------------
     0 | D:1      | qw the Tengu Warper began the quest for the Orb.
     0 | D:1      | Reached XP level 1. HP: 12/12 MP: 4/4
     0 | D:1      | 0 ||| qw: Version: 0.1-a-89-g26bdef1
     0 | D:1      | 0 ||| qw: Game counter: 3406
     0 | D:1      | 0 ||| qw: Always use a shield: true
     0 | D:1      | 0 ||| qw: God list: Okawaru
     0 | D:1      | 0 ||| qw: Allow faded altars: false
     0 | D:1      | 0 ||| qw: Do Orc after D:15 true
     0 | D:1      | 0 ||| qw: Do second Lair branch before Depths: true
     0 | D:1      | 0 ||| qw: Lair rune preference: random
     0 | D:1      | 0 ||| qw: Plans: Normal
     0 | D:1      | 0 ||| PLANNING D:1-11
    43 | D:1      | 43 ||| Stepping ~*~*~tactically~*~*~ (stealth).
    44 | D:1      | 44 ||| Stepping ~*~*~tactically~*~*~ (stealth).
   110 | D:1      | Reached XP level 2. HP: 17/17 MP: 6/6
   121 | D:1      | Reached skill level 3 in Axes
   543 | D:1      | HP: 1/17 [gnoll/+0 whip (9)]
   545 | D:1      | Reached XP level 3. HP: 2/21 MP: 7/7
   579 | D:1      | 579 ||| Stepping ~*~*~tactically~*~*~ (stealth).
   580 | D:1      | 580 ||| Stepping ~*~*~tactically~*~*~ (stealth).
   584 | D:1      | Reached skill level 4 in Axes
  1131 | D:1      | 1131 ||| UPGRADING to +0 pair of gloves.
  1136 | D:1      | 1136 ||| DROPPING +6 ring of intelligence.
  1137 | D:1      | 1137 ||| UPGRADING to ring of protection from fire.
  1138 | D:1      | 1138 ||| READING scroll labelled REPENT LUDYMY.
  1139 | D:1      | 1139 ||| DROPPING scroll of blinking.
  1140 | D:1      | 1140 ||| Stepping randomly (stuck).
  1141 | D:1      | 1141 ||| Stepping ~*~*~tactically~*~*~ (cloud).
  1146 | D:1      | HP: 5/21 [poisoned by you (poison gas)]
  1149 | D:1      | HP: 2/21 [poisoned by you (poison gas)]
  1620 | D:2      | 1620 ||| Stepping ~*~*~tactically~*~*~ (stealth).
  1626 | D:2      | 1626 ||| FLEEEEING.
  1649 | D:2      | Reached XP level 4. HP: 24/26 MP: 8/8
  1727 | D:2      | Found a bloodstained altar of Trog.
  1839 | D:2      | 1839 ||| Stepping ~*~*~tactically~*~*~ (hiding).
  1952 | D:2      | Reached skill level 5 in Axes
  2017 | D:2      | 2017 ||| UPGRADING to +0 plate armour.
  2027 | D:2      | 2027 ||| DROPPING +0 leather armour.
  2028 | D:2      | 2028 ||| UPGRADING to amulet of reflection.
  2033 | D:2      | 2033 ||| READING 2 scrolls labelled EVUELUO GAISKU.
  2055 | D:3      | 2055 ||| Stepping ~*~*~tactically~*~*~ (stealth).
  2056 | D:3      | 2056 ||| Stepping ~*~*~tactically~*~*~ (stealth).
  2064 | D:3      | 2064 ||| Stepping ~*~*~tactically~*~*~ (stealth).
  2083 | D:3      | 2083 ||| FLEEEEING.
  2086 | D:3      | 2086 ||| STAIRDANCE
  2139 | D:3      | 2139 ||| STAIRDANCE
  2328 | D:3      | 2328 ||| Stepping ~*~*~tactically~*~*~ (stealth).
  2329 | D:3      | 2329 ||| Stepping ~*~*~tactically~*~*~ (stealth).
  2331 | D:3      | 2331 ||| Stepping ~*~*~tactically~*~*~ (stealth).
  2332 | D:3      | 2332 ||| Stepping ~*~*~tactically~*~*~ (stealth).
  2462 | D:3      | Gained mutation: Your magical nature lets you fly swiftly
                  | and evasively. [Tengu growth]
  2462 | D:3      | Reached XP level 5. HP: 30/30 MP: 9/9
  2467 | D:3      | Found a faded altar of an unknown god.
  2532 | D:3      | 2532 ||| Stepping ~*~*~tactically~*~*~ (stealth).
  2534 | D:3      | 2534 ||| Stepping ~*~*~tactically~*~*~ (hiding).
  2544 | D:3      | HP: 1/30 [orc priest/divine providence (11)]
  2549 | D:3      | Slain by an orc wizard

Levels and vault maps discovered:
D:1:      minmay_arrival_four_circles, layout_loops_ring, minivault_19
D:2:      layout_rooms, basic_altar
D:3:      minmay_door_path, layout_basic, chequers_ecumenical_altar_island,
          skrybe_limestone_x, kennysheep_generic_room_10

Skill      XL: |  1  2  3  4 |
---------------+-------------+-----
Axes           | 3 4 5 |  5.6
Armour         | 2 |  2.0
Fighting       | |  2.0
Throwing       | |  1.0
Dodging        | |  2.1
Spellcasting   | |  2.0
Translocations | |  2.4

Action                   |  1- 3 |  4- 6 || total
-------------------------+-------+-------++-------
Melee: Hand axe          |    76 |    66 ||   142
       Kick              |    18 |    14 ||    32
       Peck              |    12 |     8 ||    20
       Punch             |     2 |       ||     2
Throw: Boomerang         |     7 |       ||     7
       Javelin           |       |    25 ||    25
  Use: Scroll            |     1 |     1 ||     2
Armor: Leather armour    |    19 |     5 ||    24
       Plate armour      |       |    27 ||    27
Dodge: Dodged            |    32 |    12 ||    44
Block: Other             |       |     8 ||     8

Table legend:
 A = Non-vault XP
 B = Vault XP
 C = Vault XP percentage of total XP
 D = Non-vault monster count
 E = Vault monster count
 F = Vault count percentage of total count
                 A         B        C        D         E       F
            +---------+---------+-------+---------+---------+-------
      Total |     214 |       0 |   0.0 |      63 |       0 |   0.0
            +---------+---------+-------+---------+---------+-------
        D:1 |      51 |       0 |   0.0 |      22 |       0 |   0.0
        D:2 |      71 |       0 |   0.0 |      25 |       0 |   0.0
        D:3 |      92 |       0 |   0.0 |      16 |       0 |   0.0
            +---------+---------+-------+---------+---------+-------
